[Event "46th GRE-chT Premier 2018"]
[Site "Rio Achaia"]
[Date "2018.07.11"]
[Round "3"]
[White "Soukarie, Zorz"]
[Black "Tzikas, Athanasios G"]
[Result "0-1"]
[ECO "B90"]
[WhiteElo "1295"]
[BlackElo "1251"]
[Annotator "NA"]
[PlyCount "85"]
[EventDate "2018.07.10"]
[EventType "team-tourn"]
[EventCountry "GRE"]
[SourceTitle "playchess.com"]
[Source "ChessBase"]
[SourceQuality "1"]
[TimeControl "40/5400+30:1800+30"]

1. e4 c5 2. Nf3 d6 3. d4 cxd4 4. Nxd4 Nf6 5. Nc3 a6 6. Be3 e6 7. Be2 Be7 8. a4 O-O 9. O-O Bd7 10. Nb3 Bc6 11. f3 Nbd7 12. Bf2 d5 13. exd5 Nxd5 14. Nxd5 Bxd5 15. c4 Bc6 16. a5 Qc7 17. Bg3 Qd8 18. Bd6 Nf6 19. Bxe7 Qxe7 20. Qd2 Rfd8 21. Qc3 Rac8 22. Rfc1 e5 23. Qe3 Qe8 24. Bf1 e4 25. f4 Ng4 26. Qe2 f5 27. h3 Nf6 28. Qe3 Ba4 29. Ra3 Bxb3 30. Rxb3 Qc6 31. Ra1 Qc7 32. g3 Ne8 33. Qc3 Nd6 34. Ra4 Re8 35. Be2 Qc5+ 36. Kg2 e3 37. Rbb4 Ne4 38. Qe1 Nd2 39. Kh2 Qc6 40. Kg1 Nf3+ 41. Bxf3 Qxf3 42. Ra3 Rcd8 43. Qd1 0-1

[Event "46th GRE-chT Premier 2018"]
[Site "Rio Achaia"]
[Date "2018.07.11"]
[Round "3"]
[White "Pilalis, Ernestos"]
[Black "Koutlas, Nikolaos"]
[Result "0-1"]
[ECO "A04"]
[WhiteElo "1278"]
[BlackElo "1856"]
[Annotator "NA"]
[PlyCount "91"]
[EventDate "2018.07.10"]
[EventType "team-tourn"]
[EventCountry "GRE"]
[SourceTitle "playchess.com"]
[Source "ChessBase"]
[SourceQuality "1"]
[TimeControl "40/5400+30:1800+30"]

1. Nf3 c5 2. e3 Nc6 3. d4 cxd4 4. exd4 d5 5. Be2 Bf5 6. O-O e6 7. b3 Bd6 8. Bb2 h6 9. Nbd2 Nf6 10. c4 O-O 11. Ne5 Rc8 12. f4 dxc4 13. Ndxc4 Nd5 14. a3 Bb8 15. Qd2 a6 16. Rac1 Nce7 17. Ne3 Nxe3 18. Qxe3 Nd5 19. Qd2 Rxc1 20. Qxc1 Qd6 21. g3 Ne7 22. Nc4 Qc7 23. Qd2 Rc8 24. Rc1 Qd8 25. Ne3 Ba7 26. Rxc8 Qxc8 27. Nxf5 Nxf5 28. Bg4 Nd6 29. Kg2 Qd8 30. Bf3 Qd7 31. Qd3 Nf5 32. Qe4 Bxd4 33. Bxd4 Nxd4 34. Qxb7 Qd6 35. a4 g6 36. Qc8+ Kg7 37. Qc3 Kf8 38. Qc8+ Ke7 39. Qb7+ Kf6 40. Kh3 Qc5 41. Qe4 Qf5+ 42. Qxf5+ Kxf5 43. Bb7 a5 44. Ba6 Nxb3 45. Bb5 Nc5 46. Kg2 {[%emt 0:00:58] Ke5} 0-1

[Event "46th GRE-chT Premier 2018"]
[Site "Rio Achaia"]
[Date "2018.07.11"]
[Round "3"]
[White "Paparizou, Eleni"]
[Black "Krasteva, Beloslava"]
[Result "0-1"]
[ECO "B90"]
[WhiteElo "1274"]
[BlackElo "2086"]
[Annotator "NA"]
[PlyCount "86"]
[EventDate "2018.07.10"]
[EventType "team-tourn"]
[EventCountry "GRE"]
[SourceTitle "playchess.com"]
[Source "ChessBase"]
[SourceQuality "1"]
[TimeControl "40/5400+30:1800+30"]

1. e4 c5 2. Nf3 d6 3. d4 cxd4 4. Nxd4 Nf6 5. Nc3 a6 6. Bd3 e6 7. Qe2 Nbd7 8. Nf3 Qc7 9. Bd2 b5 10. O-O Bb7 11. b4 Be7 12. h3 O-O 13. Nh2 d5 14. exd5 Nxd5 15. Nxd5 Bxd5 16. Ng4 Nf6 17. Ne3 Be4 18. Rac1 Rfd8 19. f3 Bxd3 20. cxd3 Qd7 21. Rc3 Bxb4 22. Rb3 Bc5 23. Kh1 Nh5 24. Kg1 Ng3 25. Qd1 Nxf1 26. Qxf1 a5 27. Kh1 a4 28. Rc3 Bd4 29. Rc2 Bxe3 30. Bxe3 Qxd3 31. Qf2 Rac8 32. Rd2 Qxd2 33. Bxd2 Rc2 34. Qb6 Rcxd2 35. Qxb5 Rxa2 36. Qa5 Rd1+ 37. Kh2 g6 38. Qa8+ Kg7 39. Qb8 Rd5 40. Qb4 Rdd2 41. Qc3+ Kh6 42. Qe3+ g5 43. Qa7 Rxg2+ 0-1

[Event "46th GRE-chT Premier 2018"]
[Site "Rio Achaia"]
[Date "2018.07.11"]
[Round "3"]
[White "Matthaiaki, Nefeli"]
[Black "Chatziioannidi, Filippa"]
[Result "0-1"]
[ECO "B90"]
[WhiteElo "1266"]
[BlackElo "1592"]
[Annotator "NA"]
[PlyCount "94"]
[EventDate "2018.07.10"]
[EventType "team-tourn"]
[EventCountry "GRE"]
[SourceTitle "playchess.com"]
[Source "ChessBase"]
[SourceQuality "1"]
[TimeControl "40/5400+30:1800+30"]

1. e4 c5 2. Nf3 d6 3. d4 cxd4 4. Nxd4 a6 5. Nc3 Nf6 6. f3 e6 7. Be3 Be7 8. Qd2 Qc7 9. O-O-O b5 10. a3 Bb7 11. g4 Nc6 12. h4 Ne5 13. Be2 Rc8 14. g5 Nfd7 15. f4 Nc4 16. Bxc4 Qxc4 17. Qd3 Qc7 18. Rhf1 Nc5 19. Qe2 Nxe4 20. Nxe4 Bxe4 21. c3 d5 22. Kd2 Bxa3 23. Ke1 Bd6 24. Qd2 b4 25. Rc1 O-O 26. Ne2 b3 27. h5 Qc4 28. Rg1 Qd3 29. Nd4 Qxd2+ 30. Kxd2 Rb8 31. c4 Rfc8 32. cxd5 Rxc1 33. Rxc1 Bxd5 34. Nc6 Rb7 35. Na5 Rc7 36. Ra1 Rc2+ 37. Kd3 Rxb2 38. Bd4 Ra2 39. Rxa2 bxa2 40. Nc4 Bxf4 41. Ba1 Bxg5 42. Ne3 Bf6 43. Bxf6 gxf6 44. Nc2 f5 45. Ke3 Kg7 46. Kf4 Kh6 47. Kg3 Kxh5 0-1

[Event "46th GRE-chT Premier 2018"]
[Site "Rio Achaia"]
[Date "2018.07.11"]
[Round "3"]
[White "Violakis, Anastasios"]
[Black "Amaxopoulos, Christos"]
[Result "1-0"]
[ECO "E21"]
[WhiteElo "1255"]
[BlackElo "1180"]
[Annotator "NA"]
[PlyCount "85"]
[EventDate "2018.07.10"]
[EventType "team-tourn"]
[EventCountry "GRE"]
[SourceTitle "playchess.com"]
[Source "ChessBase"]
[SourceQuality "1"]
[TimeControl "40/5400+30:1800+30"]

1. d4 Nf6 2. c4 e6 3. Nc3 Bb4 4. Nf3 c5 5. d5 O-O 6. Bg5 b6 7. e3 Bb7 8. e4 Qc7 9. Bd3 exd5 10. cxd5 d6 11. Bxf6 gxf6 12. O-O Nd7 13. Nh4 Ne5 14. Bb1 Kh8 15. f4 Ng6 16. Qh5 Rg8 17. Rf3 Bxc3 18. bxc3 Qe7 19. Nf5 Qf8 20. Rh3 Rg7 21. Nxg7 Qxg7 22. Qf3 Re8 23. Bc2 Bc8 24. f5 Ne5 25. Qh5 Ba6 26. Re1 Rg8 27. Rg3 Qf8 28. Ree3 Rxg3 29. Rxg3 Bb5 30. Qh4 Qd8 31. Qh6 Ng6 32. fxg6 fxg6 33. Rxg6 Qe7 34. Rxf6 Kg8 35. Rxd6 Be8 36. Qe6+ Qxe6 37. Rxe6 Kf7 38. e5 Bd7 39. Rf6+ Ke7 40. d6+ Ke8 41. e6 Bc6 42. Bxh7 Bd5 43. Bg6+ 1-0

[Event "46th GRE-chT Premier 2018"]
[Site "Rio Achaia"]
[Date "2018.07.11"]
[Round "3"]
[White "Batsi, Varvara"]
[Black "Kaliontzaki, Argyro Evanthia"]
[Result "0-1"]
[ECO "A46"]
[WhiteElo "1241"]
[BlackElo "1346"]
[Annotator "NA"]
[PlyCount "148"]
[EventDate "2018.07.10"]
[EventType "team-tourn"]
[EventCountry "GRE"]
[SourceTitle "playchess.com"]
[Source "ChessBase"]
[SourceQuality "1"]
[TimeControl "40/5400+30:1800+30"]

1. d4 Nf6 2. Nf3 e6 3. Bf4 c5 4. e3 cxd4 5. exd4 b6 6. c3 Bb7 7. h3 d6 8. Be2 Be7 9. O-O O-O 10. Re1 Nbd7 11. Nbd2 Re8 12. Qc2 Qc7 13. Bd3 Bf8 14. Ne4 Nd5 15. Bh2 Rac8 16. Qe2 h6 17. a4 e5 18. dxe5 Nxe5 19. Nd4 Nxd3 20. Qxd3 a6 21. Nf5 Re6 22. Nd4 Ree8 23. Rad1 Qd7 24. Ra1 f5 25. Nd2 Rxe1+ 26. Rxe1 Re8 27. Rxe8 Qxe8 28. Qxf5 Qxa4 29. Qe6+ Kh8 30. Bxd6 Bxd6 31. Qxd6 Qa1+ 32. Nf1 Qxb2 33. Qb8+ Kh7 34. Qxb7 Nxc3 35. Qxa6 Ne4 36. Qd3 Qxf2+ 37. Kh1 Qf4 38. Qc2 Qxf1+ 39. Kh2 Qf4+ 40. Kh1 g6 41. Qa4 Ng3+ 42. Kh2 Ne2+ 43. Kh1 Qxd4 44. Qa7+ Kg8 45. Qa2+ Kg7 46. Qxe2 Qc5 47. Qd2 b5 48. Qd7+ Kf6 49. Qd8+ Qe7 50. Qd4+ Qe5 51. Qh4+ Kg7 52. Qb4 g5 53. Qa5 Qc5 54. Qa1+ Kg6 55. Qa6+ Kg7 56. Qb7+ Kf8 57. Qa8+ Ke7 58. Qb7+ Kd6 59. Qa6+ Qc6 60. Qa3+ Qc5 61. Qd3+ Kc6 62. Qg6+ Qd6 63. Qe8+ Kc5 64. Qe3+ Qd4 65. Qe7+ Qd6 66. Qe3+ Kc4 67. Qe4+ Qd4 68. Qe6+ Kc5 69. Qxh6 Qd1+ 70. Kh2 Qd6+ 71. Qxd6+ Kxd6 72. Kg1 b4 73. Kf1 b3 74. Ke1 b2 0-1

[Event "46th GRE-chT Premier 2018"]
[Site "Rio Achaia"]
[Date "2018.07.11"]
[Round "3"]
[White "Stellaki, Alexandra"]
[Black "Papanagiotou, Argyro"]
[Result "1/2-1/2"]
[ECO "D00"]
[WhiteElo "1241"]
[BlackElo "1037"]
[Annotator "NA"]
[PlyCount "64"]
[EventDate "2018.07.10"]
[EventType "team-tourn"]
[EventCountry "GRE"]
[SourceTitle "playchess.com"]
[Source "ChessBase"]
[SourceQuality "1"]
[TimeControl "40/5400+30:1800+30"]

1. d4 d5 2. Bf4 Nf6 3. e3 Nc6 4. Bb5 Bd7 5. Nf3 e6 6. Nbd2 Be7 7. c3 a6 8. Bd3 O-O 9. Ne5 Bd6 10. Qc2 b5 11. Ndf3 Ne7 12. h4 h6 13. g4 Ne4 14. Nxd7 Qxd7 15. Bxd6 Qxd6 16. Bxe4 dxe4 17. Qxe4 Qd5 18. Qxd5 Nxd5 19. Ke2 Rac8 20. Rag1 Rfd8 21. h5 f6 22. e4 Ne7 23. e5 Kf7 24. exf6 gxf6 25. Nd2 c5 26. dxc5 Rxc5 27. Rd1 Re5+ 28. Kf3 Rd3+ 29. Kg2 Rg5 30. Ne4 Rxg4+ 31. Ng3 Rxd1 32. Rxd1 Rg5 1/2-1/2

[Event "46th GRE-chT Premier 2018"]
[Site "Rio Achaia"]
[Date "2018.07.11"]
[Round "3"]
[White "Nikolaidou, Maria"]
[Black "Pasoglou, Ekaterini"]
[Result "0-1"]
[ECO "A46"]
[WhiteElo "1239"]
[BlackElo "1849"]
[Annotator "NA"]
[PlyCount "78"]
[EventDate "2018.07.10"]
[EventType "team-tourn"]
[EventCountry "GRE"]
[SourceTitle "playchess.com"]
[Source "ChessBase"]
[SourceQuality "1"]
[TimeControl "40/5400+30:1800+30"]

1. d4 Nf6 2. Nf3 e6 3. Bf4 c5 4. e3 d5 5. Nbd2 Nc6 6. Bd3 Bd6 7. Bg3 O-O 8. c3 b6 9. e4 Be7 10. e5 Nd7 11. Nf1 f5 12. exf6 Nxf6 13. Qe2 Bd6 14. Ne3 Qc7 15. Nc2 c4 16. Bxc4 dxc4 17. Qxc4 Bd7 18. Ne3 Rac8 19. d5 Na5 20. Qd4 Bxg3 21. hxg3 exd5 22. Nxd5 Rce8+ 23. Ne3 Nc4 24. O-O-O Nxe3 25. fxe3 Re4 26. Qd3 Qxg3 27. Nd4 Qxe3+ 28. Qxe3 Rxe3 29. Nf3 Bg4 30. Rhe1 Rxe1 31. Rxe1 Bxf3 32. gxf3 Nd5 33. Rf1 Ne3 34. Rf2 Ng4 35. Re2 Rxf3 36. Re7 a5 37. Rb7 Rf6 38. Rb8+ Kf7 39. Rd8 h5 0-1

[Event "46th GRE-chT Premier 2018"]
[Site "Rio Achaia"]
[Date "2018.07.11"]
[Round "3"]
[White "Zacharia, Aikaterini-Eirini"]
[Black "Bania, Eleni"]
[Result "0-1"]
[ECO "C54"]
[WhiteElo "1234"]
[BlackElo "1349"]
[Annotator "NA"]
[PlyCount "78"]
[EventDate "2018.07.10"]
[EventType "team-tourn"]
[EventCountry "GRE"]
[SourceTitle "playchess.com"]
[Source "ChessBase"]
[SourceQuality "1"]
[TimeControl "40/5400+30:1800+30"]

1. e4 e5 2. Nf3 Nc6 3. Bc4 Bc5 4. c3 Nf6 5. d4 exd4 6. e5 d5 7. Bb5 Ne4 8. cxd4 Bb4+ 9. Nbd2 O-O 10. O-O Bg4 11. Bxc6 bxc6 12. Qc2 Nxd2 13. Nxd2 Qd7 14. Nb3 Qe6 15. Bd2 Be7 16. Rac1 Be2 17. Rfe1 Bb5 18. Na5 Qg4 19. a4 Ba6 20. Nxc6 Rfe8 21. Nxe7+ Rxe7 22. Qc6 Qc8 23. Ba5 Bb7 24. Qc5 Qd7 25. Qxc7 Qe8 26. Qc5 h5 27. h3 Rc8 28. Qb5 Bc6 29. Qb4 Rb7 30. Qc3 Qe6 31. Kh1 Bd7 32. Qd2 Rcb8 33. Rc2 Bxa4 34. Rc7 Rxb2 35. Qc1 Rxf2 36. Rxa7 Rbb2 37. Ra8+ Kh7 38. Rg1 Qxh3+ 39. gxh3 Rh2# 0-1

[Event "46th GRE-chT Premier 2018"]
[Site "Rio Achaia"]
[Date "2018.07.11"]
[Round "3"]
[White "Tzachristas, Georgios"]
[Black "Kyriakidis, Anastasios P"]
[Result "1/2-1/2"]
[ECO "B23"]
[WhiteElo "1191"]
[BlackElo "1352"]
[Annotator "NA"]
[PlyCount "104"]
[EventDate "2018.07.10"]
[EventType "team-tourn"]
[EventCountry "GRE"]
[SourceTitle "playchess.com"]
[Source "ChessBase"]
[SourceQuality "1"]
[TimeControl "40/5400+30:1800+30"]

1. e4 c5 2. Nc3 e6 3. f4 Nc6 4. Nf3 Nge7 5. d3 d5 6. Be2 Qc7 7. O-O d4 8. Nb5 Qb8 9. a4 a6 10. Na3 Ng6 11. Nc4 b5 12. axb5 axb5 13. Rxa8 Qxa8 14. Nb6 Qb8 15. Nxc8 Qxc8 16. Qe1 Be7 17. Qg3 Qb8 18. h3 O-O 19. h4 e5 20. f5 Nf4 21. Bd1 Kh8 22. Nxe5 Nxg2 23. Nxf7+ Rxf7 24. Kxg2 Qxg3+ 25. Kxg3 g6 26. Be2 Nb4 27. c3 Nc6 28. fxg6 Rxf1 29. Bxf1 hxg6 30. Bf4 Nd8 31. cxd4 cxd4 32. Be5+ Kg8 33. Bxd4 Nc6 34. Bc3 Bd6+ 35. Kg4 Kf7 36. Be2 Ne5+ 37. Bxe5 Bxe5 38. b3 b4 39. h5 gxh5+ 40. Kxh5 Kf6 41. Kg4 Bd4 42. Kf4 Bc3 43. e5+ Bxe5+ 44. Ke4 Bc3 45. Kd5 Ke7 46. Kc6 Kd8 47. Kc5 Bd2 48. d4 Bc3 49. d5 Bd2 50. d6 Bc3 51. Kc6 Bd2 52. d7 Bc3 1/2-1/2

[Event "46th GRE-chT Premier 2018"]
[Site "Rio Achaia"]
[Date "2018.07.11"]
[Round "3"]
[White "Karamitanis, Lazaros"]
[Black "Kontopanagos, Ioannis"]
[Result "0-1"]
[ECO "A48"]
[WhiteElo "1159"]
[BlackElo "1440"]
[Annotator "NA"]
[PlyCount "122"]
[EventDate "2018.07.10"]
[EventType "team-tourn"]
[EventCountry "GRE"]
[SourceTitle "playchess.com"]
[Source "ChessBase"]
[SourceQuality "1"]
[TimeControl "40/5400+30:1800+30"]

1. d4 Nf6 2. Nf3 g6 3. Bf4 d5 4. e3 Bg7 5. h3 O-O 6. Nbd2 b6 7. Be2 Bb7 8. O-O Nbd7 9. c3 c5 10. Ne5 Rc8 11. Ndf3 Nxe5 12. Nxe5 Ne4 13. Bg4 e6 14. Bf3 Re8 15. Be2 c4 16. Qa4 a6 17. Qd7 Re7 18. Qxd8+ Rxd8 19. f3 Nd6 20. Ng4 f6 21. a4 Nf5 22. Kf2 h5 23. e4 dxe4 24. fxe4 Bxe4 25. Ne3 Nxe3 26. Bxe3 Bd5 27. Bf4 Kh7 28. Kg1 g5 29. Bh2 Kg6 30. Rae1 b5 31. Bd1 Rb7 32. Re2 b4 33. Rc2 Bf8 34. Rcf2 Be7 35. Rc2 Bd6 36. Bxd6 Rxd6 37. Rcf2 f5 38. Bc2 g4 39. hxg4 hxg4 40. Rf4 Kg5 41. R4f2 b3 42. Bb1 Bc6 43. Re2 Bxa4 44. Re5 Bd7 45. Rd1 Bc6 46. Rc5 Bd5 47. g3 Rh7 48. Re1 Rh1+ 49. Kf2 Rh2+ 50. Kf1 Rxb2 51. Ra5 Rd7 52. Kg1 Rg2+ 53. Kf1 Rh7 54. Rxd5 Rd2 55. Rxf5+ exf5 56. Re2 Rd1+ 57. Kg2 Rxb1 58. d5 Rd7 59. Rd2 Rc1 60. d6 Rc2 61. Rxc2 bxc2 0-1

[Event "46th GRE-chT Premier 2018"]
[Site "Rio Achaia"]
[Date "2018.07.11"]
[Round "3"]
[White "Isari, Angeliki"]
[Black "Chasouraki, Chrysi"]
[Result "1-0"]
[ECO "B70"]
[WhiteElo "1153"]
[BlackElo "1026"]
[Annotator "NA"]
[PlyCount "53"]
[EventDate "2018.07.10"]
[EventType "team-tourn"]
[EventCountry "GRE"]
[SourceTitle "playchess.com"]
[Source "ChessBase"]
[SourceQuality "1"]
[TimeControl "40/5400+30:1800+30"]

1. e4 c5 2. Nf3 d6 3. d4 cxd4 4. Nxd4 Nf6 5. Nc3 g6 6. Be2 Bg7 7. O-O O-O 8. Bg5 Nc6 9. Nb3 Bd7 10. Kh1 Rc8 11. f4 a6 12. a4 Na5 13. f5 Nc4 14. Bxc4 Rxc4 15. fxg6 fxg6 16. Bxf6 Bxf6 17. Qd5+ e6 18. Qxc4 Be5 19. Rxf8+ Qxf8 20. Rf1 Qh6 21. h3 Qe3 22. Qd3 Qg5 23. Na5 Bc8 24. Ne2 Bxb2 25. Qxd6 Bg7 26. Nxb7 Qh6 27. Qd8+ 1-0

[Event "46th GRE-chT Premier 2018"]
[Site "Rio Achaia"]
[Date "2018.07.11"]
[Round "3"]
[White "Fertaki, Eleftheria"]
[Black "Vitzileou, Fedra"]
[Result "1-0"]
[ECO "B31"]
[WhiteElo "1139"]
[BlackElo "1226"]
[Annotator "NA"]
[PlyCount "69"]
[EventDate "2018.07.10"]
[EventType "team-tourn"]
[EventCountry "GRE"]
[SourceTitle "playchess.com"]
[Source "ChessBase"]
[SourceQuality "1"]
[TimeControl "40/5400+30:1800+30"]

1. e4 c5 2. Nf3 Nc6 3. Bb5 g6 4. d4 cxd4 5. Nxd4 Bg7 6. Nxc6 bxc6 7. Bc4 Qb6 8. Nc3 d6 9. O-O Nf6 10. h3 O-O 11. Bb3 Be6 12. Be3 Qb7 13. Re1 a5 14. Qd2 d5 15. Bd4 dxe4 16. Nxe4 Nxe4 17. Rxe4 Bxb3 18. axb3 Rfd8 19. Qe3 Bxd4 20. Rxd4 Rxd4 21. Qxd4 Qc7 22. Qc5 Kf8 23. b4 a4 24. b3 a3 25. b5 Qa5 26. Qxc6 Rb8 27. Qc5 Rxb5 28. Qxa3 Qc3 29. Qc1 Rc5 30. Qh6+ Kg8 31. Ra8+ Rc8 32. Rxc8+ Qxc8 33. Qd2 Kf8 34. Qd4 Qxc2 35. Qh8# 1-0

[Event "46th GRE-chT Premier 2018"]
[Site "Rio Achaia"]
[Date "2018.07.11"]
[Round "3"]
[White "Golegos, Antonis"]
[Black "Kazakos, Nikolaos"]
[Result "0-1"]
[ECO "C12"]
[WhiteElo "1136"]
[BlackElo "1375"]
[Annotator "NA"]
[PlyCount "88"]
[EventDate "2018.07.10"]
[EventType "team-tourn"]
[EventCountry "GRE"]
[SourceTitle "playchess.com"]
[Source "ChessBase"]
[SourceQuality "1"]
[TimeControl "40/5400+30:1800+30"]

1. e4 e6 2. d4 d5 3. Nc3 Nf6 4. Bg5 Bb4 5. e5 h6 6. exf6 hxg5 7. fxg7 Rg8 8. Qd2 Rxg7 9. O-O-O Nd7 10. g3 c5 11. h4 Rh7 12. h5 Qf6 13. g4 cxd4 14. Qxd4 Bc5 15. Qxf6 Nxf6 16. f3 a6 17. Nh3 Be3+ 18. Kb1 d4 19. Ne4 Nxe4 20. fxe4 e5 21. Rd3 Bxg4 22. Rb3 Ra7 23. Nxg5 Bxg5 24. Rg3 f6 25. Rxg4 b5 26. Rg3 b4 27. a3 a5 28. Be2 Ra8 29. Bg4 Ke7 30. Bf5 Rh6 31. Rgh3 Kd6 32. a4 Ra7 33. b3 Rc7 34. R3h2 Ke7 35. Rg2 Kf8 36. Rgh2 Kg7 37. Rg2 Rh8 38. Rh3 Kh6 39. Rg1 Rb8 40. Kb2 Rb6 41. Ka2 Rxc2+ 42. Kb1 Rbc6 43. Rhh1 d3 44. Rd1 d2 0-1

[Event "46th GRE-chT Premier 2018"]
[Site "Rio Achaia"]
[Date "2018.07.11"]
[Round "3"]
[White "Magklaras, Panagiotis"]
[Black "Stamatiou, Rodolfos"]
[Result "0-1"]
[ECO "B66"]
[WhiteElo "1131"]
[BlackElo "1950"]
[Annotator "NA"]
[PlyCount "88"]
[EventDate "2018.07.10"]
[EventType "team-tourn"]
[EventCountry "GRE"]
[SourceTitle "playchess.com"]
[Source "ChessBase"]
[SourceQuality "1"]
[TimeControl "40/5400+30:1800+30"]

1. e4 c5 2. Nf3 Nc6 3. d4 cxd4 4. Nxd4 Nf6 5. Nc3 d6 6. Bg5 e6 7. Qd2 a6 8. O-O-O h6 9. Bxf6 Qxf6 10. Kb1 Qd8 11. f4 Be7 12. g4 Bd7 13. h4 Bxh4 14. Nxc6 Bxc6 15. g5 hxg5 16. fxg5 Ke7 17. Nd5+ Bxd5 18. exd5 e5 19. Qg2 Qd7 20. Bd3 f6 21. gxf6+ Bxf6 22. Rdf1 Rxh1 23. Rxh1 Rf8 24. Rf1 Kd8 25. Bf5 Qb5 26. Bd3 Qc5 27. a3 Qd4 28. Qe4 Qxe4 29. Bxe4 Rh8 30. Rh1 Rxh1+ 31. Bxh1 Bg5 32. c4 Ke7 33. Be4 Kf6 34. Kc2 Be3 35. b3 g5 36. Kd3 Bd4 37. Bh7 g4 38. Ke4 Kg5 39. Bf5 b6 40. Bc8 a5 41. c5 Bxc5 42. a4 Kh4 43. Kd3 g3 44. Ke2 g2 0-1

[Event "46th GRE-chT Premier 2018"]
[Site "Rio Achaia"]
[Date "2018.07.11"]
[Round "3"]
[White "Lagogianni, Niki Vasiliki"]
[Black "Bellou, Nazareta"]
[Result "1-0"]
[ECO "B44"]
[WhiteElo "1123"]
[BlackElo "1211"]
[Annotator "NA"]
[PlyCount "121"]
[EventDate "2018.07.10"]
[EventType "team-tourn"]
[EventCountry "GRE"]
[SourceTitle "playchess.com"]
[Source "ChessBase"]
[SourceQuality "1"]
[TimeControl "40/5400+30:1800+30"]

1. e4 c5 2. Nf3 e6 3. d4 cxd4 4. Nxd4 Nc6 5. Be3 Qc7 6. Nxc6 Qxc6 7. Bd3 Nf6 8. Nc3 Bb4 9. Qd2 O-O 10. a3 Nxe4 11. Bxe4 Bxc3 12. Bxc6 Bxd2+ 13. Bxd2 bxc6 14. O-O Ba6 15. Rfe1 Rab8 16. Bb4 Rfc8 17. Bc3 d5 18. Be5 Rb7 19. Rad1 c5 20. b3 c4 21. Re3 cxb3 22. cxb3 f6 23. Bb2 Kf7 24. f4 Rc2 25. Bd4 Rbc7 26. g3 Be2 27. Re1 Bg4 28. b4 a6 29. Bc5 Rd2 30. Rc3 Rd7 31. Be3 Ra2 32. Bd4 Bf5 33. Rd1 Be4 34. h4 Rg2+ 35. Kf1 h6 36. Re3 Rc2 37. Bxf6 gxf6 38. Rxe4 Rdc7 39. Red4 R7c3 40. R4d3 Rc4 41. Re1 f5 42. Re2 R2c3 43. Red2 Rc1+ 44. Kf2 Kf6 45. Re2 R1c3 46. Red2 Rc1 47. Re2 d4 48. Red2 e5 49. fxe5+ Kxe5 50. Re2+ Kd5 51. Red2 R1c2 52. Rxd4+ Rxd4 53. Rxc2 Rc4 54. Re2 Rc3 55. Re3 Rxe3 56. Kxe3 Kc4 57. Kf4 Kb3 58. Kxf5 Kxa3 59. g4 Kxb4 60. g5 a5 61. gxh6 1-0

[Event "46th GRE-chT Premier 2018"]
[Site "Rio Achaia"]
[Date "2018.07.11"]
[Round "3"]
[White "Tomara, Ioanna"]
[Black "Havanecz, Bianka"]
[Result "0-1"]
[ECO "C48"]
[WhiteElo "1007"]
[BlackElo "2193"]
[Annotator "NA"]
[PlyCount "56"]
[EventDate "2018.07.10"]
[EventType "team-tourn"]
[EventCountry "GRE"]
[SourceTitle "playchess.com"]
[Source "ChessBase"]
[SourceQuality "1"]
[TimeControl "40/5400+30:1800+30"]

1. e4 e5 2. Nf3 Nc6 3. Nc3 Nf6 4. Bb5 Bd6 5. O-O O-O 6. d3 h6 7. Re1 Re8 8. d4 Nxd4 9. Nxd4 exd4 10. Qxd4 Be5 11. Qd3 c6 12. Bc4 d5 13. exd5 Bxh2+ 14. Kf1 Rxe1+ 15. Kxe1 b5 16. Bb3 b4 17. Ne4 Qe8 18. f3 cxd5 19. Bxd5 Nxd5 20. Qxd5 Bg3+ 21. Kd1 Be6 22. Qh5 Rd8+ 23. Bd2 Bf4 24. Kc1 Bxd2+ 25. Nxd2 Qd7 26. b3 Qxd2+ 27. Kb2 Qc3+ 28. Kb1 Rd1# 0-1